 Dungeon Crawl Stone Soup version 0.28.0-53-g5a82cb258f (webtiles) character file.

Game seed: 2928692072482377341

1 Zeld the Gusty (level 1, 0/10 HPs)
             Began as a Tengu Air Elementalist on June 7, 2022.
             Slain by a bat (1 damage)
             ... on level 1 of the Dungeon.
             The game lasted 00:00:20 (90 turns).

Zeld the Gusty (Tengu Air Elementalist)               Turns: 90, Time: 00:00:21

Health: 0/10       AC:  2    Str:  8    XL:     1   Next: 20%
Magic:  1/4        EV: 12    Int: 15    God:
Gold:   8          SH:  0    Dex: 14    Spells: 3/4 levels left

rFire   . . .      SeeInvis .   (no weapon)
rCold   . . .      Faith    .   (no shield)
rNeg    . . .      Spirit   .   a - +0 robe
rPois   .          Reflect  .   (helmet restricted)
rElec   .          Harm     .   (no cloak)
rCorr   .          Rampage  .   (no gloves)
Will    .....                   (boots unavailable)
Stlth   ++........              (no amulet)
HPRegen 0.03/turn               (no ring)
MPRegen 0.09/turn               (no ring)

@: no status effects
A: beak, talons 3
a: no special abilities


You were on level 1 of the Dungeon.
You visited 1 branch of the dungeon, and saw 1 of its levels.

You collected 8 gold pieces.

Inventory:

Armour
 a - a +0 robe (worn)
Scrolls
 c - a scroll of teleportation {unknown}
Potions
 b - a potion of ambrosia {unknown}


   Skills:
 + Level 2.2 Dodging
 - Level 2.0 Stealth
 * Level 2.0 Spellcasting
 + Level 1.4 Conjurations
 * Level 4.0 Air Magic


You had 3 spell levels left.
You knew the following spells:

 Your Spells              Type           Power      Damage    Failure   Level
a - Shock                 Conj/Air       36%        1d5       8%          1

Your spell library contained the following spells:

 Spells                   Type           Power      Damage    Failure   Level
 Static Discharge         Conj/Air       9%         N/A       11%         2
 Swiftness                Air            13%        N/A       13%         3
 Airstrike                Air            6%         N/A       38%         4


Dungeon Overview and Level Annotations

Branches:
Dungeon (1/15)

Altars:


Innate Abilities, Weirdness & Mutations

You have a beak for a mouth.
You have claws for feet.


Message History

Unknown command.
A bat is nearby!
Unknown command.
Casting: Shock (safe; 8% risk of failure)
Confirm with . or Enter, or press ? or * to list all spells.
You don't have enough magic to cast this spell.
Unknown command.
Unknown command.
Casting: Shock (safe; 8% risk of failure)
Confirm with . or Enter, or press ? or * to list all spells.
You don't have enough magic to cast this spell.
The bat hits you. The bat hits you but does no damage.
A ball python comes into view.
The bat hits you.
A ball python comes into view.
The ball python moves out of view.
The bat misses you. The bat closely misses you. The ball python bites you.
* * * LOW HITPOINT WARNING * * *
The ball python misses you. The bat hits you but does no damage.
You are too injured to fight recklessly!
The bat barely misses you.
The ball python bites you but does no damage.
The ball python closely misses you. The bat hits you.
* * * LOW HITPOINT WARNING * * *
The ball python barely misses you. The ball python grabs you.
The ball python constricts you.
You are too injured to fight recklessly!
You are too injured to fight recklessly!
You escape the ball python's grasp.
The bat completely misses you.
Your magical contamination has completely faded away.
A bat comes into view.
Found an emerald ring.
The bat hits you.
* * * LOW HITPOINT WARNING * * *
The bat misses you. The bat barely misses you. The bat misses you.
A hobgoblin comes into view.
The hobgoblin shouts!
The bat hits you but does no damage. The bat hits you.
You die...

#### #.#....>.....#
#
...###.#..........#
...#.......######
#.#.####### # #...#
##=⌠ #...#
#....##.#.#
#....#†#######
###SS.b@.....#
.......#b.####.#
###....#..#
######..# #..# #..#
#..# #g.#


You could see a hobgoblin, 2 bats and 2 ball pythons.

Vanquished Creatures
  A hobgoblin (D:1)
1 creature vanquished.

Notes
Turn   | Place    | Note
-------+----------+-------------------------------------------
     0 | D:1      | Zeld the Tengu Air Elementalist began the quest for the
                  | Orb.
     0 | D:1      | Reached XP level 1. HP: 10/10 MP: 4/4
    90 | D:1      | Slain by a bat

Illustrated notes

Levels and vault maps discovered:
D:1:      dpeg_arrival_snail, layout_basic, nrook_mini_backslash,
          serial_bayou_pond_a, roderic_filled_cross, chequers_hall_statues_y,
          minmay_hexomino_p4

Action                   || total
-------------------------++-------
 Cast: Shock             ||     3
Armor: Robe              ||     4
Dodge: Dodged            ||    10
